 Dungeon Crawl Stone Soup version 0.31-a0-876-gfe8ebadbca (webtiles) character file.

Game seed: 15338365537006039730

14 BinkBink the Trooper (level 2, -5/32 HPs)
             Began as an Ogre Fighter on Oct 13, 2023.
             Slain by a gnoll
             ... wielding a +0 flail
              (9 damage)
             ... on level 2 of the Dungeon.
             The game lasted 00:01:04 (569 turns).

BinkBink the Trooper (Ogre Fighter)                  Turns: 569, Time: 00:01:05

Health: -5/32      AC:  3    Str: 19    XL:     2   Next: 45%
Magic:  2/2        EV:  8    Int:  9    God:
Gold:   46         SH:  7    Dex:  8    Spells: 1/1 levels left

rFire   . . .        a - +0 flail
rCold   . . .        c - +0 kite shield
rNeg    . . .        b - +0 robe
rPois   .            (helmet restricted)
rElec   .            (no cloak)
rCorr   .            (gloves unavailable)
SInv    .            (boots unavailable)
Will    +....        (no amulet)
Stlth   +            e - ring of willpower
HPRegen 0.25/turn    (no ring)
MPRegen 0.08/turn

%: no passive effects
@: no status effects
A: large, unfitting armour, tough skin 1
a: no special abilities


You were on level 2 of the Dungeon.
You visited 1 branch of the dungeon, and saw 2 of its levels.

You collected 46 gold pieces.

Inventory:

Hand Weapons
 a - a +0 flail (weapon)
Armour
 b - a +0 robe (worn)
 c - a +0 kite shield (worn)
Jewellery
 e - a ring of willpower (left hand)
Scrolls
 f - a scroll of identify {unknown}
 g - a scroll of revelation {unknown}
Potions
 d - a potion of might


   Skills:
 + Level 4.2 Fighting
 * Level 2.2 Maces & Flails
 - Level 2.7 Dodging
 + Level 3.2 Shields


You had one spell level left.
You didn't know any spells.
Your spell library contained the following spells:

 Spells                   Type           Power      Damage    Failure   Level
 Hailstorm                Conj/Ice       0%         3d3       97%         3
 Summon Ice Beast         Ice/Summ       0%         N/A       100%        4
 Simulacrum               Ice/Necr       0%         N/A       100%        6


Dungeon Overview and Level Annotations

Branches:
Dungeon (2/15)

Altars:

Shops:
D:1 =


Innate Abilities, Weirdness & Mutations

You are too large for most types of armour.
You have tough skin. (AC +1)


Message History

A rat is nearby!
A rat is nearby!
Found an escape hatch in the floor.
The rat bites you but does no damage.
You closely miss the rat. The rat bites you but does no damage.
You hit the rat.
You kill the rat!
No target in view!
No target in view!
You now have 46 gold pieces (gained 17).
A gnoll comes into view. It is wielding a +0 halberd.
The gnoll shouts!
You hear a shout!
A gnoll is nearby!
A gnoll is nearby!
The gnoll hits you with a +0 halberd!
Things that are here:
a scroll labelled NOPRAL SIDEUPS; a +0 chain mail You barely miss the gnoll.
The gnoll barely misses you. You block the gnoll's attack.
You hit the gnoll but do no damage. The gnoll hits you with a +0 halberd!
A kobold comes into view. It is wielding a +0 short sword.
A gnoll comes into view. It is wielding a +0 flail.
The gnoll shouts!
The kobold shouts!
You thump the gnoll!
The gnoll is almost dead.
You hear a shout!
The gnoll hits you with a +0 halberd!
* * * LOW HITPOINT WARNING * * *
The gnoll hits you with a +0 halberd.
* * * LOW HITPOINT WARNING * * *
You are too injured to fight recklessly!
You closely miss the gnoll.
The gnoll is almost dead.
The gnoll barely misses you. You block the kobold's attack.
You hit the gnoll.
You kill the gnoll!
The kobold hits you with a +0 short sword.
* * * LOW HITPOINT WARNING * * *
The gnoll hits you with a +0 flail!
You die...

###....... ....
........... ...
#####...... ..#
#...... #.# #...... #
#.# #......
#.#####.##### #......
#.....K.....####.....>
#...)@................
#...g.......##########
#...........#
#.########### #


You could see a gnoll and a kobold.

Vanquished Creatures
  A gnoll (D:2)
  3 ball pythons (D:1)
  2 bats (D:1)
  A giant cockroach (D:1)
  A goblin (D:1)
  A hobgoblin (D:1)
  3 jackals (D:1)
  A rat (D:2)
13 creatures vanquished.

Notes
Turn   | Place    | Note
-------+----------+-------------------------------------------
     0 | D:1      | BinkBink the Ogre Fighter began the quest for the Orb.
     0 | D:1      | Reached XP level 1. HP: 24/24 MP: 1/1
   109 | D:1      | Found a faded altar of an unknown god.
   119 | D:1      | Found Pahelidgh's Jewellery Emporium.
   332 | D:1      | Reached XP level 2. HP: 31/32 MP: 2/2
   569 | D:2      | Slain by a gnoll

Illustrated notes

Levels and vault maps discovered:
D:1:      lemuel_arrival_behind_the_door_large, layout_basic, serial_shops,
          nicolae_shop_window_shopping, ebering_ecumenical_altar_abandoned
D:2:      layout_basic, minmay_tripent, uniq_robin

Skill      XL: |  1 |
---------------+----+-----
Maces & Flails | 2 |  2.2
Fighting       | |  4.2
Dodging        | |  2.7
Shields        | |  3.2

Action                     || total
---------------------------++-------
  Melee: Flail             ||    39
 Armour: Robe              ||    26
  Dodge: Dodged            ||    13
  Block: Kite shield       ||    17

Table legend: (Time is in decaauts)
 A = Elapsed time spent in this place.
 B = Non-inter-level travel time spent in this place.
 C = Inter-level travel time spent in this place.
 D = Time resting spent in this place.
 E = Time spent auto-exploring this place.
 F = Levels seen in this place.
 G = Mean time per level.
                   A        B        C        D        E       F      G
               +--------+--------+--------+--------+--------+-----+--------+
         Total |    585 |    572 |     13 |      0 |    474 |   2 |  292.5 |
       Dungeon |    585 |    572 |     13 |      0 |    474 |   2 |  292.5 |
               +--------+--------+--------+--------+--------+-----+--------+

Top non-repeatable levels by time:
     D:1: 554 daAuts
     D:2: 31 daAuts
